 Dungeon Crawl Stone Soup version 0.24.0-1-gfbc8707122 (webtiles) character file.

Game seed: 10917221926504793291, levelgen mode: deterministic

8565 floatboth the Grappler (level 11, -5/178 HPs)
             Began as a Troll Berserker on Oct 27, 2019.
             Was an Elder of Trog.
             Slain by a jumping spider (12 damage)
             ... on level 3 of the Lair of Beasts.
             The game lasted 00:13:51 (6715 turns).

floatboth the Grappler (Troll Berserker)            Turns: 6715, Time: 00:13:52

Health: -5/178     AC:  6    Str: 32    XL:     11   Next: 11%
Magic:  10/10      EV:  5    Int:  6    God:    Trog [****..]
Gold:   506        SH:  0    Dex:  9    Spells: 10/10 levels left

rFire    . . .     SeeInvis .     - Unarmed
rCold    . . .     Gourm    +   (no shield)
rNeg     . . .     Faith    .   a - +0 animal skin
rPois    .         Spirit   .   (helmet restricted)
rElec    .         Reflect  .   (no cloak)
rCorr    .         Harm     .   (gloves unavailable)
MR       .....                  (boots unavailable)
Stlth    ..........             (no amulet)
HPRegen  0.79/turn              (no ring)
MPRegen  0.12/turn              (no ring)

@: berserking (expiring), lethally poisoned (-5 -> -9), held, very quick
A: large, unfitting armour, claws 3, fast metabolism 3, gourmand, regeneration
1, shaggy fur 1, tough skin 3
a: Berserk, Trog's Hand, Brothers in Arms, Renounce Religion


You were on level 3 of the Lair of Beasts.
You worshipped Trog.
Trog was greatly pleased with you.
You were full.

You visited 3 branches of the dungeon, and saw 12 of its levels.

You collected 534 gold pieces.
You spent 28 gold pieces at shops.

Inventory:

Hand Weapons
 s - a +2 whip of flaming
 y - a +3 quarterstaff of chaos
 D - a +2 whip of pain
Missiles
 c - a throwing net (quivered)
 w - 10 poisoned darts
Armour
 a - a +0 animal skin (worn)
 A - a +0 cloak
Jewellery
 m - an uncursed ring of protection from cold {unknown}
 o - a +3 ring of dexterity {unknown}
 r - an uncursed ring of resist corrosion {unknown}
 B - an uncursed ring of ice {unknown}
 I - an uncursed ring of poison resistance {unknown}
 K - an uncursed amulet of faith {unknown}
Wands
 x - a wand of digging (6)
 F - a wand of iceblast (21)
 G - a wand of paralysis (5)
 L - a wand of polymorph (7)
 N - a wand of acid (3)
Scrolls
 d - 11 scrolls of teleportation {unknown}
 f - 3 scrolls of amnesia {unknown}
 g - 8 scrolls of identify
 h - 2 scrolls of fog {unknown}
 j - 5 scrolls of remove curse {unknown}
 n - a scroll of blinking {unknown}
 p - 2 scrolls of enchant weapon {unknown}
 q - 3 scrolls of magic mapping {unknown}
 C - a scroll of random uselessness {unknown}
 E - a scroll of summoning {unknown}
 J - a scroll of enchant armour {unknown}
 M - a scroll of fear {unknown}
Potions
 e - 2 potions of magic {unknown}
 i - 8 potions of curing {unknown}
 k - a potion of haste {unknown}
 l - a potion of ambrosia {unknown}
 t - a potion of resistance {unknown}
 u - a potion of might {unknown}
 v - a potion of brilliance {unknown}
 z - a potion of flight {unknown}
 H - a potion of agility {unknown}
Comestibles
 b - 13 rations


   Skills:
 + Level 10.6 Fighting
 - Level 2.4 Dodging
 + Level 12.3 Unarmed Combat


You had 10 spell levels left.
You didn't know any spells.
Your spell library was empty.

Dungeon Overview and Level Annotations

Branches:
Dungeon (8/15)             Temple (1/1) D:4            Lair (3/6) D:8
  Swamp (0/4) Lair:2       Spider (0/4) Lair:3

Altars:
Ashenzari
Cheibriados
Dithmenos
Elyvilon
Fedhas
Gozag
Hepliaklqana
Kikubaaqudgha
Makhleb
Nemelex Xobeh
Okawaru
Qazlal
Ru
Sif Muna
Trog
Uskayaw
Vehumet
Wu Jian
Xom
Yredelemnul
Zin
The Shining One

Shops:
D:5 *   D:8 *


Innate Abilities, Weirdness & Mutations

You are too large for most types of armour.
You have claws for hands.
Your metabolism is lightning-fast.
You like to eat raw meat.
Your natural rate of healing is unusually fast.
You are covered in fur. (AC +1)
You have extremely tough skin. (AC +3)


Message History

Trog accepts your kill.
You feel sick.
Okay, then.
Unknown command.
You feel sick.
You feel a strong urge to attack something.
You feel sick. The jumping spider pounces on you.
* * * LOW HITPOINT WARNING * * *
The jumping spider barely misses you.
You barely miss the jumping spider.
The jumping spider is almost dead.
You feel sick. The jumping spider pounces on you!
* * * LOW HITPOINT WARNING * * *
You are caught in a web!
The jumping spider bites you but does no damage.
Unknown command.
Unknown command.
You struggle to detach yourself from the web.
You feel sick. The jumping spider pounces on you!
You die...

....# #.....# .# .#P.##
##....## #. .#...#
####.....##.. .##.## #
####...†........ .####
#.##.#............. .#
..# ..................
.# >s.#
....P............ ..
.s.s. .#.#............
# .s.^^#
##.P.@s.........
#^=^^^##...†###.#.####.
#^^.^.##....######
#........## ###......P#
##.....## #...#.#
......# .....P##


You could see a jumping spider.

Vanquished Creatures
  Pikel (D:4)
  A black mamba (Lair:2)
  2 spiny frogs
  2 komodo dragons (Lair:2)
  A polar bear (Lair:3)
  Grinder (D:6)
  A jumping spider (Lair:3)
  3 blink frogs (Lair:2)
  4 hippogriffs
  A redback (Lair:3)
  A wyvern (Lair:2)
  Eustachio (D:5)
  Sigmund (D:2)
  Menkaure (D:4)
  3 porcupines (Lair:2)
  6 water moccasins
  An orc warrior (D:8)
  Purgy (D:3)
  3 phantoms (D:5)
  2 ogres
  2 black bears
  9 wolves
  A centaur (D:6)
  4 crocodiles
  4 bullfrogs
  2 scorpions
  5 killer bees (D:7)
  2 crimson imps
  A hound (D:8)
  A jelly (D:5)
  Crazy Yiuf (D:5)
  4 orc priests
  Ijyb (D:5)
  Terence (D:2)
  4 worker ants
  2 killer bee zombies
  8 adders
  A shadow imp (D:7)
  An ooze (D:7)
  3 worms
  A dart slug (D:2)
  2 leopard geckos
  20 orcs
  11 bats
  5 giant cockroaches
  8 goblins
  6 hobgoblins
  7 jackals
  3 quokkas
  A ball python (D:1)
  6 frilled lizards
  3 kobolds
  11 rats
178 creatures vanquished.

Notes
Turn   | Place    | Note
-------+----------+-------------------------------------------
     0 | D:1      | floatboth the Troll Berserker began the quest for the Orb.
     0 | D:1      | Reached XP level 1. HP: 22/22 MP: 0/0
    84 | D:1      | Reached XP level 2. HP: 29/29 MP: 1/1
   314 | D:1      | Reached ** piety under Trog
   470 | D:2      | Reached skill level 3 in Fighting
   483 | D:2      | Reached XP level 3. HP: 37/37 MP: 2/2
   783 | D:2      | Noticed Terence
   792 | D:2      | Killed Terence
   792 | D:2      | Reached skill level 4 in Unarmed Combat
   792 | D:2      | Reached XP level 4. HP: 45/45 MP: 3/3
   881 | D:2      | Noticed Sigmund
   893 | D:2      | Killed Sigmund
   893 | D:2      | Reached skill level 4 in Fighting
   893 | D:2      | Reached skill level 5 in Unarmed Combat
   893 | D:2      | Reached XP level 5. HP: 54/54 MP: 4/4
  1347 | D:3      | Reached XP level 6. HP: 63/63 MP: 5/5
  1421 | D:3      | Reached *** piety under Trog
  1707 | D:3      | Noticed Purgy
  1714 | D:3      | Killed Purgy
  1885 | D:4      | Noticed a slave
  1885 | D:4      | Noticed a slave
  1885 | D:4      | Noticed a slave
  1885 | D:4      | Noticed a slave
  1886 | D:4      | Noticed Pikel
  1897 | D:4      | Killed Pikel
  1897 | D:4      | Reached skill level 5 in Fighting
  1897 | D:4      | Reached skill level 6 in Unarmed Combat
  1897 | D:4      | Reached XP level 7. HP: 62/74 MP: 6/6
  1938 | D:4      | Reached skill level 7 in Unarmed Combat
  2082 | D:4      | Noticed Menkaure
  2089 | D:4      | Killed Menkaure
  2089 | D:4      | Reached skill level 6 in Fighting
  2089 | D:4      | Reached XP level 8. HP: 75/83 MP: 7/7
  2274 | D:4      | Found a staircase to the Ecumenical Temple.
  2283 | Temple   | Entered the Ecumenical Temple
  2476 | D:5      | Entered Level 5 of the Dungeon
  2523 | D:5      | Found Qiez's General Store.
  2540 | D:5      | Bought a scroll of identify for 28 gold pieces
  2682 | D:5      | Found a blossoming altar of Fedhas.
  2730 | D:5      | Noticed Ijyb
  2736 | D:5      | Killed Ijyb
  2788 | D:5      | Found a runed translucent door.
  2789 | D:5      | Noticed Crazy Yiuf
  2908 | D:5      | Reached skill level 8 in Unarmed Combat
  2937 | D:5      | Noticed Eustachio
  2958 | D:5      | Killed Eustachio
  3009 | D:5      | Found a shimmering altar of Xom.
  3011 | D:5      | Found a shimmering blue altar of Sif Muna.
  3011 | D:5      | Found a snail-covered altar of Cheibriados.
  3013 | D:5      | Found a shimmering blue altar of Sif Muna.
  3013 | D:5      | Found a bloodstained altar of Trog.
  3013 | D:5      | Found a burning altar of Makhleb.
  3060 | D:5      | Reached skill level 7 in Fighting
  3479 | D:5      | Killed Crazy Yiuf
  3553 | D:6      | Reached **** piety under Trog
  3641 | D:6      | Noticed Grinder
  3646 | D:6      | Killed Grinder
  3646 | D:6      | Reached skill level 9 in Unarmed Combat
  3646 | D:6      | Reached XP level 9. HP: 82/93 MP: 8/8
  4247 | D:7      | Found an ancient bone altar of Kikubaaqudgha.
  4605 | D:7      | Reached skill level 8 in Fighting
  4913 | D:8      | Reached skill level 10 in Unarmed Combat
  4943 | D:8      | Found Likhlad's General Store.
  4962 | D:8      | Found a staircase to the Lair.
  4972 | Lair:1   | Entered Level 1 of the Lair of Beasts
  5094 | Lair:1   | You fall into a shaft and drop 1 floor!
  5094 | Lair:2   | Found a staircase to the Swamp.
  5155 | Lair:2   | Reached skill level 9 in Fighting
  5155 | Lair:2   | Reached XP level 10. HP: 99/107 MP: 9/9
  5229 | Lair:2   | Noticed a spiny frog
  5236 | Lair:2   | Killed a spiny frog
  5243 | Lair:2   | Reached skill level 11 in Unarmed Combat
  5828 | Lair:2   | Reached skill level 10 in Fighting
  5922 | Lair:2   | Noticed a black mamba
  5940 | Lair:2   | Killed a black mamba
  6303 | Lair:2   | HP: 38/165 [wolf (10)]
  6308 | Lair:2   | HP: 17/165 [wolf (6)]
  6309 | Lair:2   | Reached skill level 12 in Unarmed Combat
  6315 | Lair:2   | HP: 12/110 [poisoned by a water moccasin]
  6322 | Lair:2   | HP: 16/110 [poisoned by a water moccasin]
  6327 | Lair:2   | HP: 19/110 [poisoned by a water moccasin]
  6595 | Lair:3   | Noticed a spiny frog
  6604 | Lair:3   | Killed a spiny frog
  6657 | Lair:3   | Reached XP level 11. HP: 94/119 MP: 10/10
  6697 | Lair:3   | Found a hole to the Spider Nest.
  6707 | Lair:3   | HP: 41/178 [jumping spider (7)]
  6712 | Lair:3   | HP: 27/178 [poisoned by a redback]
  6714 | Lair:3   | HP: 8/178 [jumping spider (14)]
  6715 | Lair:3   | Slain by a jumping spider

Levels and vault maps discovered:
D:1:      minmay_arrival_solitary_statue, layout_rooms, minmay_bisected
D:2:      layout_loops_ring, uniq_terence, uniq_sigmund
D:3:      layout_loops_ring, first_ration, chequers_serial_rivers_micro_c,
          uniq_purgy
D:4:      layout_basic, temple_statues, nrook_campfire, uniq_pikel,
          uniq_menkaure
D:5:      layout_gridville, fedhas_altar_1, serial_shops,
          nicolae_shop_waterfront, doesnt_xom_only_xom, uniq_ijyb,
          uniq_eustachio, uniq_crazy_yiuf_cottage
D:6:      layout_rooms, moated_statue, uniq_grinder
D:7:      layout_basic, basic_altar
D:8:      layout_loops_ring, dpeg_oklobed_lair, serial_shops, shop
Temple:   kilobyte_greek_temple
Lair:1:   layout_long_grid
Lair:2:   layout_cave_pods, swamp_mist
Lair:3:   layout_gridlike, spider_nest_entry_funnel_web,
          chequers_serial_rivers_small_b

Skill      XL: |  1  2  3  4  5  6  7  8  9 10 |
---------------+-------------------------------+-----
Fighting       | 3 4 5 6 7 9 10 | 10.6
Unarmed Combat | 4 5 6 7 9 10 12 | 12.3
Dodging        | |  2.4

Action                   |  1- 3 |  4- 6 |  7- 9 | 10-12 || total
-------------------------+-------+-------+-------+-------++-------
Melee: Unarmed           |   103 |   103 |   247 |   114 ||   567
       Punch             |     5 |     2 |    11 |     9 ||    27
Throw: Dart              |       |       |       |     1 ||     1
       Throwing net      |       |       |       |     1 ||     1
Invok: Berserk           |     1 |     2 |     3 |     5 ||    11
       Trog's Hand       |       |     1 |     2 |     2 ||     5
       Brothers in Arms  |       |       |       |     1 ||     1
 Stab: Sleeping          |     1 |       |     1 |       ||     2
  Eat: Chunk             |    12 |     4 |    37 |    17 ||    70
       Ration            |       |       |     2 |       ||     2
Armor: Animal skin       |    44 |    45 |    72 |    28 ||   189
Dodge: Dodged            |    78 |    56 |   118 |    63 ||   315
